 Dungeon Crawl Stone Soup version 0.30.0-13-g156ef70053 (webtiles) character file.

Game seed: 1512384102521091447

70 GigaChad the Shield-Bearer (level 4, -2/37 HPs)
             Began as a Formicid Fighter on May 17, 2023.
             Slain by an ufetubus (3 damage)
             ... on level 4 of the Dungeon.
             The game lasted 00:01:45 (1494 turns).

GigaChad the Shield-Bearer (Formicid Fighter)       Turns: 1494, Time: 00:01:45

Health: -2/37      AC:  7    Str: 23    XL:     4   Next: 44%
Magic:  4/4        EV:  9    Int:  7    God:
Gold:   45         SH:  5    Dex: 13    Spells: 3/3 levels left

rFire   . . .        a - +1 war axe
rCold   . . .        c - +0 buckler
rNeg    . . .        b - +0 scale mail
rPois   .            (helmet unavailable)
rElec   .            (no cloak)
rCorr   .            (no gloves)
SInv    +            (no boots)
Will    .....        (no amulet) Stlth
                     (no ring)
HPRegen 0.26/turn    (no ring)
MPRegen 0.09/turn

%: no passive effects
@: no status effects
A: permanent stasis, dig shafts and tunnels, antennae 3, four strong arms
a: Dig, Shaft Self


You were on level 4 of the Dungeon.
You visited 1 branch of the dungeon, and saw 3 of its levels.

You collected 45 gold pieces.

Inventory:

Hand Weapons
 a - a +1 war axe (weapon)
Armour
 b - a +0 scale mail (worn)
 c - a +0 buckler (worn)
Jewellery
 h - a ring of willpower
Wands
 m - a wand of roots (8)
Scrolls
 i - a scroll of blinking {unknown}
 j - a scroll of fear
 k - 2 scrolls of identify
 l - a scroll of summoning {unknown}
Potions
 d - a potion of might
 e - a potion of mutation {unknown}
 f - a potion of brilliance {unknown}
 g - 5 potions of curing {unknown}
 n - a potion of flight {unknown}


   Skills:
 * Level 3.7 Fighting
 * Level 2.9 Axes
 * Level 4.0 Armour
 * Level 4.6 Shields


You had 3 spell levels left.
You didn't know any spells.
Your spell library was empty.

Dungeon Overview and Level Annotations

Branches:
Dungeon (2/15)

Altars:


Innate Abilities, Weirdness & Mutations

You cannot be hasted, slowed, berserked, paralysed or teleported.
You can dig through walls and to a lower floor.
You have a pair of large antennae on your head. (SInv)
Your four strong arms can wield two-handed weapons with a shield.


Message History

The ufetubus hits you but does no damage. x3
The ufetubus closely misses you.
The ufetubus hits you but does no damage.
You block the ufetubus's attack. x4; The ufetubus misses you.
The ufetubus barely misses you. x2
The ufetubus hits you but does no damage. x2
The ufetubus hits you.
The ufetubus hits you but does no damage.
You miss the ufetubus.
The ufetubus is heavily wounded.
You hit the ufetubus. x3
The ufetubus hits you but does no damage. x2
The ufetubus closely misses you. The ufetubus hits you.
The ufetubus hits you but does no damage.
The ufetubus hits you. You block the ufetubus's attack.
The ufetubus closely misses you. The ufetubus barely misses you. x2
The ufetubus hits you but does no damage.
The ufetubus barely misses you. The ufetubus hits you. The ufetubus misses you.
The ufetubus hits you but does no damage. x2
You slash the ufetubus!
You kill the ufetubus!
You completely miss the ufetubus. You barely miss the ufetubus.
You closely miss the ufetubus. The ufetubus hits you.
* * * LOW HITPOINT WARNING * * *
The ufetubus closely misses you. The ufetubus barely misses you.
The ufetubus hits you but does no damage.
The ufetubus hits you.
* * * LOW HITPOINT WARNING * * *
The ufetubus hits you.
* * * LOW HITPOINT WARNING * * *
The ufetubus hits you but does no damage.
You block the ufetubus's attack.
The ufetubus hits you but does no damage.
The ufetubus barely misses you. You block the ufetubus's attack.
The ufetubus closely misses you.
The ufetubus hits you but does no damage.
The ufetubus hits you.
* * * LOW HITPOINT WARNING * * *
The ufetubus hits you.
You die...

#....... ..... ##......
#.... #...... #....
##..... #.... #.....
#... ##...#
#...#############....
..##....................
#....5@5..^............
...###..5........#####..
##........<...# #..
#.............## #.#
#..............# #.#
##...........### ###
#..........##
##........## ###....###


You could see 3 ufetubi.

Vanquished Creatures
  2 adders (D:2)
  2 ufetubi (D:4)
  A dart slug (D:1)
  4 endoplasms
  A giant cockroach (D:1)
  2 goblins
  4 hobgoblins
  5 kobolds (D:1)
  2 quokkas (D:1)
  8 ball pythons
  3 bats
  2 frilled lizards (D:1)
  4 rats
40 creatures vanquished.

Notes
Turn   | Place    | Note
-------+----------+-------------------------------------------
     0 | D:1      | GigaChad the Formicid Fighter began the quest for the Orb.
     0 | D:1      | Reached XP level 1. HP: 18/18 MP: 1/1
   101 | D:1      | Reached XP level 2. HP: 24/24 MP: 2/2
   803 | D:1      | Found a faded altar of an unknown god.
   806 | D:1      | Reached XP level 3. HP: 29/29 MP: 3/3
  1351 | D:2      | Reached XP level 4. HP: 37/37 MP: 4/4
  1423 | D:2      | You fall into a shaft and drop 2 floors!
  1494 | D:4      | HP: 1/37 [ufetubus (2)]
  1494 | D:4      | Slain by an ufetubus

Illustrated notes

Levels and vault maps discovered:
D:1:      mrwooster_arrival_statue_3, layout_basic,
          shapermc_ecumenical_altar_starsandcircs, minmay_misc_feat_room,
          roderic_lattice_a, dreamdust_princess_corridor, minmay_tetromino_l4
D:2:      layout_loops_ring, serial_rivers, chequers_serial_rivers_room_a,
          chequers_serial_rivers_micro_c, chequers_serial_rivers_small_b,
          chequers_serial_rivers_small_a, minmay_box_of_dots
D:4:      layout_cave_pods, serial_demonic, serial_demonic_d, serial_demonic_c,
          serial_demonic_f, serial_demonic_g, serial_demonic_a,
          serial_demonic_d, serial_demonic_e, serial_demonic_e,
          serial_demonic_a, serial_demonic_g, uniq_robin, uniq_ijyb,
          uniq_blork_the_orc

Skill      XL: |  1  2  3 |
---------------+----------+-----
Armour         | 4 |  4.0
Fighting       | |  3.7
Axes           | |  2.9
Shields        | |  4.6

Action                     |  1- 3 |  4- 6 || total
---------------------------+-------+-------++-------
  Melee: War axe           |   112 |    11 ||   123
    Use: Scroll            |     4 |       ||     4
 Armour: Scale mail        |    46 |    42 ||    88
  Dodge: Dodged            |    48 |    36 ||    84
  Block: Buckler           |    35 |    15 ||    50
